[Event "Team 45 45 League T47"]
[Site "Internet Chess Club"]
[Date "2010.12.05"]
[Round "5"]
[White "Signalman"]
[Black "OxidisedLizard"]
[Result "0-1"]
[WhiteElo "1596"]
[BlackElo "1874"]
[Opening "Ruy Lopez: exchange, Gligoric variation"]
[ECO "C69"]
[Time "04:35:35"]
[TimeControl "2700+45"]

1. e4 e5 2. Nf3 Nc6 3. Bb5 a6 4. Bxc6 dxc6 5. O-O f6 6. Nc3 Bg4 7. h3 Bh5 8. g4
Bf7 9. d4 Bd6 10. dxe5 fxe5 11. Ng5 Bc4 12. Ne2 h6 13. b3 Bxe2 14. Ne6 Bxd1 15.
Nxd8 Rxd8 16. Rxd1 Nf6 17. f3 O-O 18. Be3 Bb4 19. Rf1 Bc3 20. Rad1 Bd4 21. Kf2
Bxe3+ 22. Kxe3 Rxd1 23. Rxd1 Kf7 24. f4 exf4+ 25. Kxf4 Ke6 26. Ke3 Nd7 27. b4
Ne5 {White resigns} 0-1

[Event "Team 45 45 League T47"]
[Site "Internet Chess Club"]
[Date "2010.12.05"]
[Round "5"]
[White "parrot9"]
[Black "werty"]
[Result "1-0"]
[WhiteElo "1623"]
[BlackElo "1541"]
[Opening "French: Tarrasch"]
[ECO "C03"]
[Time "14:15:20"]
[TimeControl "2700+45"]

1. e4 e6 2. d4 d5 3. Nd2 Nd7 4. e5 c5 5. c3 cxd4 6. cxd4 a6 7. Bd3 b5 8. Ngf3
Bb7 9. O-O Qb6 10. Re1 Nh6 11. Nf1 f6 12. exf6 Nxf6 13. Ng5 Bc8 14. Ng3 Bd7 15.
Nh5 O-O-O 16. a4 Bb4 17. Bd2 Bxd2 18. Qxd2 bxa4 19. Nxg7 Rhg8 20. N7xe6 Bxe6 21.
Rxe6 Rd6 22. Qc2+ Kb8 23. Rxd6 Qxd6 24. h4 Nhg4 25. g3 Nh5 26. Qxa4 Nxg3 27.
Qb3+ Kc7 28. Rc1+ Kd7 29. Qb7+ {Black resigns} 1-0

[Event "Team 45 45 League T47"]
[Site "Internet Chess Club"]
[Date "2010.12.04"]
[Round "5"]
[White "bobhill"]
[Black "chiiwen"]
[Result "0-1"]
[WhiteElo "1894"]
[BlackElo "2206"]
[Opening "Torre attack (Tartakower variation)"]
[ECO "D03"]
[Time "23:03:09"]
[TimeControl "2700+45"]

1. d4 d5 2. Nf3 Nf6 3. Bg5 Ne4 4. Bf4 c5 5. c3 Nc6 6. e3 Qb6 7. Qb3 e6 8. Nbd2
Nxd2 9. Nxd2 Be7 10. Be2 f6 11. O-O Bd7 12. Bf3 cxd4 13. exd4 Qxb3 14. axb3 Kf7
15. b4 a6 16. Rfe1 Rhc8 17. Nb3 b6 18. Be2 a5 19. bxa5 Nxa5 20. Nxa5 bxa5 21.
Bd3 g6 22. Ra2 a4 23. Rea1 a3 24. Bd2 axb2 25. Rxa8 bxa1=Q+ 26. Rxa1 e5 27. f3
Bd8 28. Ra7 Ke8 29. Ra6 Ke7 30. Kf2 Rb8 31. Ke3 Bb6 32. h3 Bc8 33. Ra2 Kd8 34.
Be1 Rb7 35. Bh4 exd4+ 36. cxd4 Re7+ 37. Kd2 Bxd4 38. Ra5 Bb7 39. Ba6 Bc6 40. Kd3
Bb6 41. Ra1 g5 42. Be1 Ra7 43. Bc3 Rxa6 44. Bxf6+ Kd7 45. Rxa6 Bb5+ 46. Kd2 Bxa6
47. Bxg5 Bf1 48. g3 Bxh3 49. Bf6 Ke6 50. Bg7 Bf1 51. g4 d4 52. f4 Ba5+ 53. Kd1
d3 54. f5+ Kf7 55. Bh6 Be2+ 56. Kc1 Bxg4 {White resigns} 0-1

[Event "Team 45 45 League T47"]
[Site "Internet Chess Club"]
[Date "2010.12.06"]
[Round "5"]
[White "Zumbi"]
[Black "bgolev"]
[Result "1/2-1/2"]
[WhiteElo "2070"]
[BlackElo "1838"]
[Opening "Nimzo-Indian: three knights variation"]
[ECO "E21"]
[Time "19:00:55"]
[TimeControl "2700+45"]

1. d4 Nf6 2. c4 e6 3. Nc3 Bb4 4. Nf3 O-O 5. Bg5 c5 6. e3 Qa5 7. Bxf6 Bxc3+ 8.
bxc3 Qxc3+ 9. Nd2 gxf6 10. Rc1 Qa5 11. Qg4+ Kh8 12. Qh4 cxd4 13. Qxf6+ Kg8 14.
exd4 Qd8 15. Qf4 f5 16. Be2 Nc6 17. O-O Qf6 18. Nf3 b6 19. Qd6 Qe7 20. Qg3+ Qg7
21. Qd6 Qe7 22. Qg3+ Qg7 23. Qd6 {Game drawn by mutual agreement} 1/2-1/2

[Event "Team 45 45 League T47"]
[Site "Internet Chess Club"]
[Date "2010.12.05"]
[Round "5"]
[White "Beetlejuice"]
[Black "AronT"]
[Result "0-1"]
[WhiteElo "1828"]
[BlackElo "2103"]
[Opening "Catalan: open, 5.Nf3"]
[ECO "E04"]
[Time "07:02:02"]
[TimeControl "2700+45"]

1. d4 Nf6 2. c4 e6 3. g3 d5 4. Nf3 dxc4 5. Bg2 a6 6. a4 c5 7. O-O Nc6 8. dxc5
Bxc5 9. Qxd8+ Kxd8 10. Nbd2 Ke7 11. Nxc4 Bd7 12. Nfe5 Rac8 13. Nxd7 Nxd7 14. Bd2
b5 15. Na3 Nd4 16. e3 Nb3 17. Rad1 Nxd2 18. Rxd2 Bxa3 19. bxa3 Rc3 20. axb5 axb5
21. Rb1 Rxa3 22. Rxb5 Ra7 23. h4 Rc8 24. Bf3 Kf6 25. Bb7 Rc1+ 26. Kg2 Ne5 27.
Be4 Raa1 28. Rb7 Rh1 29. f4 Rag1+ 30. Kf2 Rf1+ 31. Kg2 Ng4 32. Rb3 Rhg1+ 33. Kh3
Nf2+ 34. Kh2 Nxe4 35. Rd7 Nc5 {White resigns} 0-1

[Event "Team 45 45 League T47"]
[Site "Internet Chess Club"]
[Date "2010.12.05"]
[Round "5"]
[White "Ptzz"]
[Black "SlimeDog2"]
[Result "1-0"]
[WhiteElo "2077"]
[BlackElo "2093"]
[Opening "Grünfeld: modern exchange variation"]
[ECO "D85"]
[Time "16:34:53"]
[TimeControl "2700+45"]

1. d4 Nf6 2. c4 g6 3. Nc3 d5 4. cxd5 Nxd5 5. e4 Nxc3 6. bxc3 Bg7 7. Nf3 c5 8.
Rb1 O-O 9. Be2 b6 10. O-O Bb7 11. Qd3 Ba6 12. Qe3 Qd7 13. Bxa6 Nxa6 14. d5 Nc7
15. c4 e5 16. Qb3 Ne8 17. a4 Nd6 18. Qc2 Rfb8 19. a5 f6 20. Be3 Qc7 21. axb6
axb6 22. Ra1 Qc8 23. Nd2 Rxa1 24. Rxa1 Ra8 25. Ra4 Rxa4 26. Qxa4 h5 27. f3 f5
28. h3 Kf7 29. Kf1 Bf6 30. Qa1 fxe4 31. Nxe4 Nxc4 32. Qa7+ Be7 33. Ke2 Qd8 34.
Ng5+ Kg8 35. Ne6 Qd6 36. Qa4 Nxe3 37. Qe8+ Bf8 38. Qxg6+ Kh8 39. Qxh5+ Kg8 40.
Qg6+ Kh8 41. Kxe3 b5 42. Qh5+ Kg8 43. Qg6+ Kh8 44. h4 c4 45. Qh5+ Kg8 46. Qg6+
Kh8 47. Qf6+ Kg8 48. h5 c3 49. Qg6+ Kh8 50. Qf6+ Kg8 51. Qxf8+ Qxf8 52. Nxf8
{Black resigns} 1-0

[Event "Team 45 45 League T47"]
[Site "Internet Chess Club"]
[Date "2010.12.03"]
[Round "5"]
[White "chsrules88"]
[Black "Jack-ONeill"]
[Result "1/2-1/2"]
[WhiteElo "2020"]
[BlackElo "2006"]
[Opening "Sicilian: Pelikan, Chelyabinsk variation"]
[ECO "B33"]
[Time "11:30:55"]
[TimeControl "2700+45"]

1. e4 c5 2. Nf3 Nc6 3. d4 cxd4 4. Nxd4 Nf6 5. Nc3 e5 6. Ndb5 d6 7. Bg5 a6 8. Na3
b5 9. Nd5 Be7 10. Bxf6 Bxf6 11. c3 O-O 12. Nc2 Bg5 13. Nce3 Bxe3 14. Nxe3 Ne7
15. Bd3 Bb7 16. O-O d5 17. exd5 Nxd5 18. Qh5 g6 19. Qxe5 Re8 20. Qd4 Nxe3 21.
fxe3 Qg5 22. Rf2 Rxe3 23. Bc2 Rae8 24. Raf1 Re1 25. Bb3 Rxf1+ 26. Kxf1 Qc1+ 27.
Qd1 Qxd1+ 28. Bxd1 Bd5 29. b3 Re3 30. Rc2 Be4 31. Rc1 f5 32. Be2 Bxg2+ 33. Kf2
Re5 34. Bxb5 axb5 35. Kxg2 Re2+ 36. Kg3 Rxa2 37. c4 bxc4 38. bxc4 Kf7 39. c5 Ke7
40. c6 Kd8 41. Rd1+ Kc7 42. Rd7+ Kxc6 43. Rxh7 Ra3+ 44. Kf4 Ra4+ 45. Kf3 Kd5 46.
Rg7 Rg4 47. h3 Rg1 48. Re7 Kd6 49. Re8 Kd7 50. Re5 Kd6 51. Re8 Rf1+ 52. Kg2 Ra1
53. Rg8 Ra2+ 54. Kg3 Ra3+ 55. Kg2 Ra2+ 56. Kg3 Ra3+ 57. Kg2 Ra2+ {Game drawn by
repetition} 1/2-1/2

[Event "Team 45 45 League T47"]
[Site "Internet Chess Club"]
[Date "2010.12.06"]
[Round "5"]
[White "Despair"]
[Black "zap2"]
[Result "1-0"]
[WhiteElo "1952"]
[BlackElo "1835"]
[Opening "Nimzovich-Larsen attack: Indian variation"]
[ECO "A01"]
[Time "03:49:21"]
[TimeControl "2700+45"]

1. b3 Nf6 2. Bb2 g6 3. g3 Bg7 4. Bg2 O-O 5. d3 d6 6. Nd2 Nbd7 7. Ngf3 Re8 8. O-O
e5 9. Nc4 Nc5 10. Ncd2 c6 11. b4 Na4 12. Qc1 Nxb2 13. Qxb2 e4 14. Nd4 e3 15.
fxe3 Ng4 16. c3 Nxe3 17. Rfe1 Nxg2 18. Kxg2 c5 19. N4f3 b6 20. e4 Bb7 21. d4 Qe7
22. a4 Kh8 23. bxc5 dxc5 24. a5 cxd4 25. cxd4 Qd8 26. axb6 Qxb6 27. Qxb6 axb6
28. Rxa8 Bxa8 29. Ra1 b5 30. Ra5 Rb8 31. g4 b4 32. d5 f5 33. e5 fxg4 34. Ng5 Kg8
35. e6 h6 36. Nf7 Bc3 37. Ne4 Kg7 38. Nfd6 Bd4 39. e7 b3 40. e8=Q Rxe8 41. Nxe8+
Kf7 42. Rxa8 b2 43. Rb8 Ke7 44. d6+ Ke6 45. Nd2 Kd7 46. Nc4 b1=Q 47. Rxb1 Kxe8
48. Rd1 Bf6 49. d7+ Kd8 50. Nd6 Kxd7 51. Ne4+ Ke6 52. Nxf6 Kxf6 53. Kg3 h5 54.
h3 gxh3 55. Kxh3 Kg5 56. Rd5+ Kh6 57. Kh4 Kg7 58. Kg5 h4 59. Kxh4 Kh6 60. Kg4
Kh7 61. Kg5 Kg7 62. Rd6 Kh7 63. Rxg6 Kh8 64. Ra6 Kh7 65. Kf6 Kh6 66. Kf5+ Kh5
67. Rg6 Kh4 68. Kf4 Kh5 69. Rg1 Kh6 70. Kf5 Kh7 71. Kf6 {Black resigns} 1-0

[Event "Team 45 45 League T47"]
[Site "Internet Chess Club"]
[Date "2010.12.04"]
[Round "5"]
[White "Constrictor"]
[Black "kabindra"]
[Result "1/2-1/2"]
[WhiteElo "1670"]
[BlackElo "1798"]
[Opening "QGD Slav/Grünfeld: Schlechter variation"]
[ECO "D15"]
[Time "10:00:25"]
[TimeControl "2700+45"]

1. Nf3 d5 2. d4 Nf6 3. c4 c6 4. Nc3 g6 5. cxd5 Nxd5 6. Nxd5 Qxd5 7. Bf4 Bg7 8.
Be5 Qa5+ 9. Qd2 Qxd2+ 10. Kxd2 f6 11. Bf4 Be6 12. e3 O-O 13. b3 Nd7 14. Bc4 Bxc4
15. bxc4 e5 16. dxe5 Nxe5 17. Nxe5 fxe5 18. Bg3 Rad8+ 19. Ke2 Rd7 20. Rhd1 Rfd8
21. Rxd7 Rxd7 22. Rd1 Rxd1 23. Kxd1 g5 24. f3 Kf7 25. e4 Ke6 26. Bf2 b6 27. Be3
h6 28. Kc2 Bf8 29. Kd3 Kd6 30. Kc3 Kc7 31. Kb3 a6 32. a4 b5 33. axb5 cxb5 34.
cxb5 axb5 35. Bd2 Kc6 36. Bc3 Bd6 37. Bd2 Bf8 38. Bc3 {Game drawn by mutual
agreement} 1/2-1/2

[Event "Team 45 45 League T47"]
[Site "Internet Chess Club"]
[Date "2010.12.05"]
[Round "5"]
[White "rubo"]
[Black "justice02"]
[Result "1/2-1/2"]
[WhiteElo "1716"]
[BlackElo "1666"]
[Opening "Bird's opening"]
[ECO "A02"]
[Time "14:00:20"]
[TimeControl "2700+45"]

1. f4 c5 2. Nf3 d5 3. e3 a6 4. b3 Nc6 5. Bb2 b5 6. a4 bxa4 7. Rxa4 Bb7 8. Be2 e6
9. O-O Nf6 10. Qe1 Be7 11. Ne5 Qc8 12. d3 Qc7 13. Qg3 O-O 14. Nd2 Rad8 15. Nxc6
Qxc6 16. Bf3 Qb6 17. Re1 Bc6 18. Ra2 Qb4 19. Re2 Qb7 20. e4 dxe4 21. Nxe4 Bxe4
22. Bxe4 Qc7 23. Rxa6 g6 24. Be5 Nxe4 25. Rxe4 Qb7 26. Rea4 Ra8 27. Rxa8 Rxa8
28. Rxa8+ Qxa8 29. Qe1 Qa7 30. Kf1 Qb6 31. Qc3 Qd8 32. Qc4 h5 33. h3 Kh7 34. g4
Qa8 35. Qe4 Qa2 36. Qe2 f6 37. Bc3 hxg4 38. hxg4 Qa6 39. f5 Qc6 40. Kg1 gxf5 41.
gxf5 e5 42. Qh5+ Kg7 43. Qg6+ Kf8 44. Bxe5 Qf3 45. Bxf6 Qd1+ 46. Kg2 Qxc2+ 47.
Kh1 Qd1+ 48. Kg2 Qe2+ 49. Kh3 Qxd3+ 50. Kg4 Qe4+ 51. Kh5 Qh1+ 52. Kg4 Qg2+ 53.
Kh5 Qh3+ 54. Kg5 Qg3+ 55. Kh5 Qh3+ {Game drawn by mutual agreement} 1/2-1/2

[Event "Team 45 45 League T47"]
[Site "Internet Chess Club"]
[Date "2010.12.05"]
[Round "5"]
[White "sbaker831"]
[Black "Portola"]
[Result "0-1"]
[WhiteElo "1570"]
[BlackElo "1734"]
[Opening "French: advance, Paulsen attack"]
[ECO "C02"]
[Time "13:00:30"]
[TimeControl "2700+45"]

1. e4 e6 2. d4 d5 3. e5 c5 4. c3 Nc6 5. Nf3 Nge7 6. dxc5 Ng6 7. Bb5 Bxc5 8. O-O
O-O 9. Re1 Qb6 10. Bd3 Bxf2+ 11. Kh1 Bxe1 12. Qxe1 Nce7 13. Na3 Bd7 14. Qe2 a6
15. Be3 Qc7 16. Bd2 b5 17. Rf1 Nc6 18. Bxg6 fxg6 19. Nc2 Nxe5 20. Nxe5 Rxf1+ 21.
Qxf1 Qxe5 22. Bf4 Qe4 23. Ne1 e5 24. Bg3 Rf8 25. Qg1 Bg4 {White resigns} 0-1

[Event "Team 45 45 League T47"]
[Site "Internet Chess Club"]
[Date "2010.12.03"]
[Round "5"]
[White "g8wrb"]
[Black "ScotchYeti"]
[Result "0-1"]
[WhiteElo "1409"]
[BlackElo "1671"]
[Opening "Sicilian: Alapin's variation (2.c3)"]
[ECO "B22"]
[Time "05:00:54"]
[TimeControl "2700+45"]

1. e4 c5 2. c3 e6 3. d4 Nc6 4. Nf3 d5 5. exd5 exd5 6. Be2 Nf6 7. Bg5 Be7 8. O-O
O-O 9. Re1 Ne4 10. Bxe7 Qxe7 11. Bb5 Bg4 12. Bxc6 bxc6 13. Nbd2 Rfe8 14. Qc2 Qf6
15. Re3 Nxd2 16. Qxd2 c4 17. Rae1 Rxe3 18. Rxe3 h6 19. Qe2 Qf5 20. h3 Bxf3 21.
Rxf3 Qb1+ 22. Kh2 Qxa2 23. Qe7 Rf8 24. Qc5 Qa6 25. Re3 Qb7 26. Qe7 Qxb2 27. Qxa7
Qxf2 28. Rf3 Qe2 29. Qc5 Qe6 30. Qa3 Rc8 31. Qc1 Re8 32. Qf4 Rd8 33. Re3 Qd7 34.
Rg3 Re8 35. Qxh6 f6 36. Qxf6 Qc7 37. Qg6 Re3 38. h4 Rxg3 39. Qxg3 Qe7 40. Qb8+
Kh7 41. Qb1+ g6 42. g3 Qe2+ 43. Kh3 Qe6+ 44. Kg2 Kg7 45. Qb7+ Kf6 46. Qb2 Qe4+
47. Kh3 Qf3 48. Qc2 Qd3 49. Qf2+ Qf5+ 50. Qxf5+ Kxf5 51. g4+ Ke6 52. Kg3 c5 53.
Kf3 cxd4 54. h5 gxh5 55. gxh5 dxc3 56. Ke2 Kf5 57. Ke3 d4+ 58. Kxd4 c2 59. h6
Kg6 60. Kc3 c1=Q+ {White resigns} 0-1

[Event "Team 45 45 League T47"]
[Site "Internet Chess Club"]
[Date "2010.12.05"]
[Round "5"]
[White "cepheid"]
[Black "AtomicDog"]
[Result "1/2-1/2"]
[WhiteElo "1628"]
[BlackElo "1596"]
[Opening "Sicilian: closed"]
[ECO "B23"]
[Time "10:00:57"]
[TimeControl "2700+45"]

1. e4 c5 2. Nc3 d6 3. f4 g6 4. Nf3 Bg7 5. Bb5+ Bd7 6. Bxd7+ Qxd7 7. O-O Nc6 8.
d3 e6 9. Qe1 Nge7 10. Kh1 O-O 11. f5 exf5 12. Qh4 f6 13. Bh6 g5 14. Qh5 Qe8 15.
Qxe8 Raxe8 16. Bxg7 Kxg7 17. h3 h5 18. Nb5 Rd8 19. Nc7 Kf7 20. c3 Rd7 21. Nd5
Nxd5 22. exd5 Ne7 {Game drawn by mutual agreement} 1/2-1/2

[Event "Team 45 45 League T47"]
[Site "Internet Chess Club"]
[Date "2010.12.05"]
[Round "5"]
[White "Monsieur"]
[Black "rainden"]
[Result "0-1"]
[WhiteElo "1566"]
[BlackElo "1555"]
[Opening "French: Labourdonnais variation"]
[ECO "C00"]
[Time "22:01:44"]
[TimeControl "2700+45"]

1. e4 e6 2. f4 d5 3. e5 c5 4. d4 Nc6 5. Nf3 Nge7 6. Bd3 Qb6 7. b3 Nf5 8. Bxf5
exf5 9. c3 Be7 10. O-O O-O 11. Kh1 f6 12. Bb2 Bd7 13. Re1 fxe5 14. dxe5 Be6 15.
Na3 Rad8 16. Qc2 d4 17. cxd4 Nxd4 18. Qf2 Nxf3 19. Qxf3 Bd5 20. Qe2 Qc6 21. Nc4
Rfe8 22. Ne3 Be4 23. Qc4+ Kh8 24. Qc3 Rd3 25. Qc4 b5 26. Qc1 Bh4 27. Rd1 Red8
28. Rxd3 Rxd3 29. Kg1 h6 30. g3 Be7 31. Qe1 c4 32. Rd1 Rxe3 33. Qxe3 Bc5 34. Bd4
Bxd4 35. Rxd4 Kh7 36. bxc4 Qb6 37. Qc3 bxc4 38. Kf2 Bd3 39. e6 Qxe6 40. Qd2 Qb6
41. Qc3 Qe6 42. Rxd3 cxd3 43. Qxd3 Qxa2+ 44. Kg1 Qf7 45. Kg2 Qf8 46. Kh3 a5 47.
g4 Kh8 48. g5 hxg5 49. fxg5 g6 50. Qc3+ Qg7 51. Qxa5 Qh7+ 52. Kg3 Qe7 53. Qc3+
Kh7 54. Kg2 Qxg5+ 55. Kh1 Qf4 56. Qe1 Qf3+ 57. Kg1 Qg4+ 58. Kh1 Kh6 59. Qe3+ Kh5
60. h3 Qe4+ 61. Qxe4 fxe4 62. Kg2 Kh4 63. Kh2 g5 64. Kg2 e3 65. Kf3 Kxh3 66.
Kxe3 g4 67. Kf2 Kh2 {White resigns} 0-1

[Event "Team 45 45 League T47"]
[Site "Internet Chess Club"]
[Date "2010.12.05"]
[Round "5"]
[White "BotanicalKnight"]
[Black "JosephZ"]
[Result "1-0"]
[WhiteElo "1591"]
[BlackElo "1451"]
[Opening "Bishop's opening: Berlin defense"]
[ECO "C24"]
[Time "23:00:36"]
[TimeControl "2700+45"]

1. e4 e5 2. Bc4 Nf6 3. d3 Bc5 4. Nc3 O-O 5. f4 d6 6. Nf3 Nc6 7. f5 a6 8. Bg5 h6
9. Bh4 Nb4 10. a3 Nc6 11. Nd5 Kh8 12. g4 g5 13. fxg6 fxg6 14. Nxf6 Rxf6 15. g5
hxg5 16. Bxg5 Qf8 17. Bxf6+ Qxf6 18. Qc1 Qg7 19. Ng5 b5 20. Bd5 Bb7 21. Nf7+ Kg8
22. Nxd6+ Kf8 23. Rf1+ Ke7 24. Rf7+ Qxf7 25. Bxf7 Kxd6 26. Qg5 Ne7 27. Qf6+ Kd7
28. Qxe5 Bd6 29. Qe6+ Kd8 30. Qh3 Be5 31. d4 Bc8 32. Be6 Bg7 33. Bxc8 Rxc8 34.
Qh7 Bf6 35. e5 Bg5 36. d5 Nxd5 37. Qxg6 Be7 38. Rd1 c6 39. Rd4 Kc7 40. Qe6 Bc5
41. Rh4 Rf8 42. Rh7+ Kb6 43. Qd7 Bf2+ 44. Ke2 a5 45. Qb7+ Kc5 46. Qa7+ Kc4 47.
Qxa5 Rf4 48. b3+ Kd4 49. Qa7+ Ke4 50. Qa8 Rf3 51. Qxc6 Kd4 52. Kxf3 Be3 53. Rd7
Kxe5 54. Qxd5+ Kf6 55. Rd6+ Kg7 56. Qb7+ Kg8 57. Rd8# {Black checkmated} 1-0

[Event "Team 45 45 League T47"]
[Site "Internet Chess Club"]
[Date "2010.12.05"]
[Round "5"]
[White "jjmolina"]
[Black "jefferyx"]
[Result "1/2-1/2"]
[WhiteElo "1708"]
[BlackElo "2006"]
[Opening "Sicilian: closed, 2...Nc6"]
[ECO "B24"]
[Time "10:31:36"]
[TimeControl "2700+45"]

1. e4 c5 2. Nc3 Nc6 3. d3 g6 4. g3 Bg7 5. Bg2 e6 6. Be3 d6 7. Nf3 Nd4 8. O-O Ne7
9. Rb1 O-O 10. Ne2 Nec6 11. c3 Nxf3+ 12. Bxf3 Qa5 13. Ra1 Qb5 14. b3 Ne5 15. Bg2
b6 16. a4 Qxd3 17. Qxd3 Nxd3 18. Rad1 Ne5 19. Rxd6 Ba6 20. c4 Rfd8 21. Rfd1 Rxd6
22. Rxd6 Bf8 23. Rd1 Nc6 24. e5 Rd8 25. Rxd8 Nxd8 26. f4 Bb7 27. Bxb7 Nxb7 28.
Bd2 Be7 29. Kf2 Kf8 30. Ke3 Ke8 31. Kd3 {Game drawn by mutual agreement} 1/2-1/2

[Event "Team 45 45 League T47"]
[Site "Internet Chess Club"]
[Date "2010.12.04"]
[Round "5"]
[White "irock"]
[Black "johnnyperez"]
[Result "1-0"]
[WhiteElo "1767"]
[BlackElo "1626"]
[Opening "Bishop's opening: Berlin defense"]
[ECO "C24"]
[Time "18:05:07"]
[TimeControl "2700+45"]

1. e4 e5 2. Bc4 Nf6 3. d3 Nc6 4. Nc3 Be7 5. f4 d5 6. Nxd5 Nxd5 7. Bxd5 Nb4 8.
Bb3 Qd4 9. Nf3 Qd8 10. Nxe5 O-O 11. Bd2 Be6 12. Bxe6 fxe6 13. a3 Na6 14. Qg4 Rf6
15. Bc3 Nc5 16. O-O-O a5 17. Rhf1 Qe8 18. f5 b5 19. Nf3 b4 20. Bxf6 Bxf6 21. e5
exf5 22. Qxf5 bxa3 23. bxa3 Qb5 24. exf6 Nb3+ 25. cxb3 Qxf5 26. fxg7 Ra6 27. Kb2
Qf6+ 28. d4 Qxg7 29. Rf2 c5 30. Rc1 Rc6 31. Rc3 Qf6 32. Rfc2 cxd4 33. Rxc6 Qg7
{Black resigns} 1-0

[Event "Team 45 45 League T47"]
[Site "Internet Chess Club"]
[Date "2010.12.05"]
[Round "5"]
[White "IceBox"]
[Black "Walker42"]
[Result "0-1"]
[WhiteElo "1713"]
[BlackElo "2028"]
[Opening "Bird's opening"]
[ECO "A02"]
[Time "10:00:21"]
[TimeControl "2700+45"]

1. f4 g6 2. e4 Bg7 3. Nf3 c6 4. d4 d5 5. e5 Bg4 6. Bd3 e6 7. O-O h5 8. h3 Bxf3
9. Qxf3 Nh6 10. b3 Bf8 11. Be3 Nf5 12. c3 Nxe3 13. Qxe3 Qb6 14. Nd2 c5 15. Nf3
Nc6 16. Kh1 Be7 17. Qf2 Rc8 18. Rac1 Kf8 19. c4 Nb4 20. Bb1 Kg7 21. cxd5 Nxd5
22. dxc5 Bxc5 23. Qh4 Be3 24. Rxc8 Rxc8 25. Ng5 Bxf4 26. Rxf4 Rc1+ 27. Kh2 Qg1+
28. Kg3 Qe3+ 29. Rf3 Qxe5+ 30. Kf2 Qe1# {White checkmated} 0-1

[Event "Team 45 45 League T47"]
[Site "Internet Chess Club"]
[Date "2010.12.05"]
[Round "5"]
[White "cityprosecutor"]
[Black "Wheels"]
[Result "0-1"]
[WhiteElo "1772"]
[BlackElo "1881"]
[Opening "Sicilian"]
[ECO "B50"]
[Time "18:04:36"]
[TimeControl "2700+45"]

1. e4 c5 2. Nf3 d6 3. d3 Nc6 4. g3 Nf6 5. Bg2 g6 6. c3 Bg7 7. O-O O-O 8. a4 b6
9. e5 Ne8 10. Nd4 cxd4 11. Bxc6 Rb8 12. exd6 Nxd6 13. c4 Qc7 14. Bg2 e5 15. Nd2
f5 16. b3 Bb7 17. Ba3 Bxg2 18. Kxg2 Rfe8 19. Rc1 Qb7+ 20. Kg1 Nf7 21. c5 bxc5
22. Bxc5 Ng5 23. b4 Nh3# {White checkmated} 0-1

[Event "Team 45 45 League T47"]
[Site "Internet Chess Club"]
[Date "2010.12.06"]
[Round "5"]
[White "giltar"]
[Black "Atlantis"]
[Result "0-1"]
[WhiteElo "1850"]
[BlackElo "1813"]
[Opening "Queen's pawn game"]
[ECO "D04"]
[Time "11:11:27"]
[TimeControl "2700+45"]

1. d4 Nf6 2. Nf3 d5 3. e3 c5 4. c4 e6 5. a3 Bd6 6. Nc3 O-O 7. dxc5 Bxc5 8. b4
Bb6 9. Bb2 dxc4 10. Bxc4 Qxd1+ 11. Rxd1 Rd8 12. O-O Nc6 13. Na4 Bc7 14. Bb5 Ne7
15. Rxd8+ Bxd8 16. Rd1 Ned5 17. e4 Nxe4 18. Bc4 Bd7 19. b5 Bf6 20. Ne5 Be8 21.
f3 Nd6 22. Bxd5 exd5 23. Rxd5 Nxb5 24. Nc5 b6 25. Ne4 Be7 26. Rd3 Rd8 27. Rb3 f6
28. Nc4 Nd4 29. Re3 Nc6 30. Kf1 Bf7 31. Rc3 f5 32. Ned2 Bf6 33. Rc2 Bxb2 34.
Rxb2 g6 35. Ne3 Rd3 36. Nec4 Rc3 37. Nd6 Rxa3 38. Nxf7 Kxf7 39. Rc2 Ne7 40. Nc4
Ra4 41. Nd6+ Ke6 42. Nb5 a6 43. Nc7+ Kd7 44. Na8 Ra1+ 45. Kf2 b5 46. Nb6+ Ke6
47. Re2+ Kf7 48. Nd7 b4 49. Rb2 a5 50. Kg3 g5 51. h4 h6 52. hxg5 hxg5 53. Nc5
Kf6 54. Re2 a4 55. Re6+ Kf7 56. Rb6 b3 57. Rb4 {White resigns} 0-1

[Event "Team 45 45 League T47"]
[Site "Internet Chess Club"]
[Date "2010.12.04"]
[Round "5"]
[White "Victorianum"]
[Black "helixx"]
[Result "0-1"]
[WhiteElo "1773"]
[BlackElo "1732"]
[Opening "Queen's pawn game"]
[ECO "A45"]
[Time "13:00:45"]
[TimeControl "2700+45"]

1. d4 Nf6 2. Nc3 e6 3. e4 Bb4 4. Bd3 d5 5. e5 Bxc3+ 6. bxc3 Nfd7 7. Qg4 Kf8 8.
Nf3 h6 9. O-O c5 10. Nh4 Nc6 11. f4 h5 12. Qg3 cxd4 13. Ba3+ Kg8 14. f5 Ncxe5
15. fxe6 fxe6 16. cxd4 Nxd3 17. cxd3 Rh6 18. Ng6 h4 19. Ne7+ Qxe7 20. Bxe7 hxg3
21. hxg3 b6 22. Rac1 Ba6 23. Rf3 Rc8 24. Rcf1 Rc3 25. Bb4 Rxd3 26. Rf7 Rxd4 27.
Bc3 Bxf1 28. Bxd4 Kxf7 {White resigns} 0-1

[Event "Team 45 45 League T47"]
[Site "Internet Chess Club"]
[Date "2010.12.05"]
[Round "5"]
[White "BrerRabbit"]
[Black "sbaker831"]
[Result "0-1"]
[WhiteElo "1561"]
[BlackElo "1586"]
[Opening "English opening"]
[ECO "A10"]
[Time "19:01:22"]
[TimeControl "2700+45"]

1. c4 b6 2. Nc3 Bb7 3. e4 e6 4. Nge2 g6 5. g3 Bg7 6. Bg2 d6 7. O-O Ne7 8. d4 Nd7
9. Be3 a6 10. a4 c5 11. Qd2 h6 12. Rab1 Nc6 13. d5 exd5 14. exd5 Nb4 15. Rfe1
Ne5 16. b3 g5 17. Nc1 Kd7 18. h3 Kc7 19. Ne4 Bc8 20. Rd1 Bxh3 21. f4 gxf4 22.
Bxf4 f5 23. Bxe5 Bxe5 24. Nxc5 bxc5 25. Bxh3 Bxg3 26. Ne2 Qh4 27. Nxg3 Qxg3+ 28.
Qg2 Qe3+ 29. Kh2 Rag8 30. Qg1 Rxg1 31. Rxg1 Qe5+ 32. Kh1 Nd3 33. Rbf1 Rf8 34.
Rg6 Rf7 35. Re6 Qg3 36. Bg2 Nf4 {White resigns} 0-1

[Event "Team 45 45 League T47"]
[Site "Internet Chess Club"]
[Date "2010.12.05"]
[Round "5"]
[White "RamRock"]
[Black "Zumbi"]
[Result "0-1"]
[WhiteElo "1891"]
[BlackElo "2080"]
[Opening "Alekhine's defense: four pawns attack, 7.Be3"]
[ECO "B02"]
[Time "21:30:22"]
[TimeControl "2700+45"]

1. e4 Nf6 2. e5 Nd5 3. c4 Nb6 4. d4 d6 5. f4 dxe5 6. fxe5 Nc6 7. Be3 Bf5 8. Nc3
e6 9. a3 Be7 10. Nf3 f6 11. Be2 fxe5 12. Nxe5 Nxe5 13. dxe5 O-O 14. O-O Nd7 15.
Bf4 c6 16. b4 a5 17. Qb3 axb4 18. axb4 Qb6+ 19. Kh1 Rxa1 20. Rxa1 Qxb4 21. Qxb4
Bxb4 22. Nd1 Bd3 23. Bxd3 Rxf4 24. Ra8+ Kf7 25. Ra7 Rd4 26. Nf2 Be1 27. Kg1
Bxf2+ 28. Kxf2 Rxd3 29. Rxb7 Kg6 30. Ke2 Nxe5 31. Rc7 Rc3 {White resigns} 0-1

[Event "Team 45 45 League T47"]
[Site "Internet Chess Club"]
[Date "2010.12.05"]
[Round "5"]
[White "Tobiasdelmonte"]
[Black "RD1974"]
[Result "1-0"]
[WhiteElo "1875"]
[BlackElo "1751"]
[Opening "QGD: Chigorin defense"]
[ECO "D07"]
[Time "19:02:28"]
[TimeControl "2700+45"]

1. d4 d5 2. c4 Nc6 3. Nf3 Bg4 4. e3 e5 5. dxe5 dxc4 6. Qxd8+ Rxd8 7. Bxc4 Bxf3
8. gxf3 Nxe5 9. Be2 Bb4+ 10. Kf1 Nd3 11. Bxd3 Rxd3 12. a3 Be7 13. Ke2 Rd7 14. b4
Bf6 15. Ra2 Ne7 16. Nd2 Nd5 17. Rc2 Nc3+ 18. Kf1 Nb5 19. Ne4 Be7 20. a4 Nd6 21.
Nc5 Rd8 22. Bb2 f6 23. Ne6 Rd7 24. Nxc7+ Kf7 25. Nd5 Bd8 26. Ke2 Nf5 27. e4 Re8
28. Rd1 Ne7 29. Nxf6 Rxd1 30. Nxe8 Rh1 31. Nd6+ Ke6 32. Nxb7 Bb6 33. a5 Bxf2 34.
Rd2 Be1 35. Nd8# {Black checkmated} 1-0